 Dungeon Crawl Stone Soup version 0.21-a0-29-g43b3074 (webtiles) character file.

71 shitimlost the Skirmisher (level 4, -1/38 HPs)
             Began as a Barachi Fighter on May 26, 2017.
             Slain by Sigmund
             ... wielding a +0 scythe of slicing
              (6 damage)
             ... on level 2 of the Dungeon.
             The game lasted 00:02:08 (1587 turns).

shitimlost the Skirmisher (Barachi Fighter)         Turns: 1587, Time: 00:02:08

Health: -1/38      AC:  8    Str: 24    XL:     4   Next: 24%
Magic:  4/4        EV:  7    Int:  8    God:
Gold:   126        SH:  9    Dex: 11    Spells: 3/3 levels left

rFire    . . .     SeeInvis .   a - +0 long sword
rCold    . . .     Gourm    .   c - +0 shield
rNeg     . . .     Faith    .   b - +0 scale mail
rPois    .         Spirit   .   (no helmet)
rElec    .         Reflect  .   t - +0 cloak
rCorr    .         Harm     .   (no gloves)
MR       .....                  (no boots)
Stlth    ..........             (no amulet)
Regen    0.2/turn               q - ring of wizardry
MPRegen  0.1/turn               (no ring)

@: mighty, slow
A: +LOS, swims, slowness 1, strong legs 1
a: Hop


You were on level 2 of the Dungeon.
You were not hungry.

You visited 1 branch of the dungeon, and saw 2 of its levels.

You collected 126 gold pieces.

Inventory:

Hand Weapons
 a - a +0 long sword (weapon)
Missiles
 g - 15 sling bullets
Armour
 b - a +0 scale mail (worn)
 c - a +0 shield (worn)
 t - a +0 cloak (worn)
Jewellery
 q - a ring of wizardry (left hand)
 v - a +3 ring of strength {unknown}
 y - a +3 amulet of reflection {unknown}
Scrolls
 e - 2 scrolls of remove curse {unknown}
 i - a scroll of enchant weapon {unknown}
 m - 2 scrolls of teleportation {unknown}
 n - 3 scrolls of fear {unknown}
 o - 2 scrolls of blinking {unknown}
 p - 5 scrolls of identify {unknown}
 r - a scroll of enchant armour {unknown}
 u - a scroll of amnesia {unknown}
Potions
 h - 3 potions of flight {unknown}
 k - a potion of magic {unknown}
 l - a potion of mutation {unknown}
 x - a potion of brilliance {unknown}
Comestibles
 f - 3 bread rations
 j - a royal jelly
 s - 3 fruits
 w - a chunk of flesh


   Skills:
 + Level 4.4 Fighting
 + Level 3.4 Long Blades
 + Level 4.3 Armour
 + Level 3.6 Shields


You had 3 spell levels left.
You didn't know any spells.

Dungeon Overview and Level Annotations

Branches:
Dungeon (2/15)

Altars:
Dithmenos

Annotations:
D:2 Sigmund


Innate Abilities, Weirdness & Mutations

Shadows flee at your approach. (+LOS)
You can swim through water.
You cover ground slowly.
You can hop short distances.


Message History

You closely miss Sigmund.
Sigmund is moderately wounded.
You slash Sigmund!
Sigmund is severely wounded.
Sigmund barely misses you.
You closely miss Sigmund.
Sigmund is severely wounded.
Sigmund mumbles some strange words.
Sigmund flickers and vanishes!
Deactivating autopickup; reactivate with Ctrl-A.
You block something's attack.
You miss something. You barely miss something. Something hits you!
* * * LOW HITPOINT WARNING * * *
x2 Your shield and scale mail prevent you from hitting something.
Something hits you but does no damage.
You closely miss something. Something hits you.
* * * LOW HITPOINT WARNING * * *
x2 You miss something.
Something hits you.
You die...

.. #.##### ... #...... #
#.# ####..##.. #. #.#
##......... #.
#.###.#.##.#... #..
#.##.###.#.#.#.
.####..####.#.## ##..#.#.
.......{....##.###.###.#.
#...@...##..#<## #...
#.#####.##>#.## ###.
#.##.#.# .#
####.##.#.#####.#
#....##........#
#.########.####.# # #.#
#.#####.#
#.##.########........
#..............######


There were no monsters in sight!

Vanquished Creatures
  An adder (D:2)
  4 oozes
  A worm (D:2)
  2 dart slugs (D:1)
  A leopard gecko (D:2)
  A giant cockroach (D:1)
  2 goblins (D:1)
  6 hobgoblins
  3 jackals (D:1)
  3 bats
  4 frilled lizards
  5 kobolds
  6 rats
39 creatures vanquished.

Notes
Turn   | Place    | Note
-------+----------+-------------------------------------------
     0 | D:1      | shitimlost the Barachi Fighter began the quest for the Orb.
     0 | D:1      | Reached XP level 1. HP: 18/18 MP: 1/1
    90 | D:1      | Reached XP level 2. HP: 15/25 MP: 2/2
   687 | D:1      | Reached XP level 3. HP: 29/30 MP: 3/3
  1205 | D:2      | Reached XP level 4. HP: 38/38 MP: 4/4
  1370 | D:2      | Found a shadowy altar of Dithmenos.
  1574 | D:2      | Noticed Sigmund
  1587 | D:2      | Slain by Sigmund

Vault maps used:
D:1:      ncdulo_halloftheorcs
D:2:      grunt_dithmenos_smoke, first_bread, uniq_sigmund

Skill      XL: |  1  2  3 |
---------------+----------+-----
Fighting       | 4 |  4.4
Long Blades    | 3 |  3.4
Armour         | 4 |  4.3
Shields        | |  3.6

Action                   |  1- 3 |  4- 6 || total
-------------------------+-------+-------++-------
Melee: Long sword        |    93 |    32 ||   125
  Use: Potion            |       |     1 ||     1
  Eat: Chunk             |     1 |     2 ||     3
Armor: Scale mail        |    38 |    11 ||    49
Dodge: Dodged            |    32 |     7 ||    39
Block: Shield            |    38 |    12 ||    50
       Rpst.: Long sword |     7 |     4 ||    11
